 Dungeon Crawl Stone Soup version 0.22.1-5-g62c59d919a (webtiles) character file.

54 Adamkad1 the Firebug (level 3, -2/27 HPs)
             Began as a Demigod Fire Elementalist on Jan 14, 2019.
             Slain by a goblin
             ... wielding a +0 club
             ... led by Robin
              (8 damage)
             ... on level 2 of the Dungeon.
             The game lasted 00:03:26 (1556 turns).

Adamkad1 the Firebug (Demigod Fire Elementalist)    Turns: 1556, Time: 00:03:27

Health: -2/27      AC:  3    Str: 11    XL:     3   Next: 44%
Magic:  7/9        EV: 13    Int: 21    God:
Gold:   47         SH:  0    Dex: 16    Spells: 0/6 levels left

rFire    . . .     SeeInvis .   (no weapon)
rCold    . . .     Gourm    +   (no shield)
rNeg     . . .     Faith    .   a - +0 robe
rPois    .         Spirit   .   (no helmet)
rElec    .         Reflect  .   (no cloak)
rCorr    .         Harm     .   (no gloves)
MR       .....                  b - +0 pair of boots
Stlth    ++........             d - amulet of the gourmand
HPRegen  0.09/turn              (no ring)
MPRegen  0.11/turn              (no ring)

@: no status effects
A: high mp 1
a: no special abilities


You were on level 2 of the Dungeon.
You were very full.

You visited 1 branch of the dungeon, and saw 2 of its levels.

You collected 47 gold pieces.

Inventory:

Armour
 a - a +0 robe (worn)
 b - a +0 pair of boots (worn)
Jewellery
 d - an amulet of the gourmand (around neck)
Comestibles
 c - 2 rations


   Skills:
 + Level 0.5 Fighting
 + Level 2.0 Dodging
 + Level 2.2 Stealth
 * Level 2.2 Spellcasting
 * Level 1.6 Conjurations
 * Level 3.0 Fire Magic


You couldn't memorise any spells.
You knew the following spells:

 Your Spells              Type           Power        Failure   Level  Hunger
a - Flame Tongue          Conj/Fire      ##...        5%          1    #......
b - Throw Flame           Conj/Fire      ##....       9%          2    ##.....
c - Conjure Flame         Conj/Fire      ##......     16%         3    ###....

Your spell library contained the following spells:

 Spells                   Type           Power        Failure   Level  Hunger
 Inner Flame              Hex/Fire       #.......     22%         3    ###....
 Sticky Flame             Conj/Fire      ##......     47%         4    #####..
 Fireball                 Conj/Fire      ##........   83%         5    ######.


Dungeon Overview and Level Annotations

Branches:
Dungeon (2/15)

Annotations:
D:2 Robin


Innate Abilities, Weirdness & Mutations

You have an increased reservoir of magic. (+10% MP)


Message History

The goblin misses you.
The goblin no longer looks unusually strong.
The goblin hits you but does no damage. Robin throws the goblin at you!
You barely miss the goblin.
The hobgoblin no longer looks unusually strong.
The hobgoblin closely misses you. The goblin hits you but does no damage.
The goblin misses you.
Robin roars a battlecry!
The goblins go into a battle-frenzy!
The goblin closely misses you.
The goblin no longer looks unusually strong.
The goblin barely misses you.
The goblin no longer looks unusually strong.
A goblin opens the door.
The hobgoblin misses you.
A rat comes into view.
The hobgoblin no longer looks unusually strong.
Robin roars a battlecry!
The goblins go into a battle-frenzy!
The goblin hits you with a club!
You die...

..#####..#.g# #...# #.#
.........#..# #.#.# #.#
...####.##..###.#.# #.#
................#.######
#.#
...####.##.####........#
#.# #.##.# ##....##.###.#
#.##.#####..#.#......#
#...........#.#..###.#
#######.@........#......<
+...r.'gg.....>..#.#####.
#######.gg....#..#.# ....
#..gg##+##.....#.#.#.
#.#.g##.##...#.#.....
#####.#.g...##.......#.#.
.......g..#.####g#.......
.###.....#.........#.#...
###............g..#.##.


You could see Robin, 3 hobgoblins, 5 goblins and a rat.

Vanquished Creatures
  An adder (D:2)
  An ooze (D:1)
  2 dart slugs (D:1)
  A giant cockroach (D:1)
  9 goblins
  3 hobgoblins (D:1)
  5 kobolds
  A quokka (D:2)
  6 bats
  2 frilled lizards
  5 rats
  A fungus (D:1)
37 creatures vanquished.

Notes
Turn   | Place    | Note
-------+----------+-------------------------------------------
     0 | D:1      | Adamkad1 the Demigod Fire Elementalist began the quest for
                  | the Orb.
     0 | D:1      | Reached XP level 1. HP: 14/14 MP: 5/5
   181 | D:1      | Reached skill level 1 in Conjurations
   341 | D:1      | Reached XP level 2. HP: 12/20 MP: 4/7
   345 | D:1      | Learned a level 2 spell: Throw Flame
   453 | D:1      | Found a glowing golden altar of the Shining One.
   978 | D:1      | Reached skill level 3 in Fire Magic
  1290 | D:2      | Reached XP level 3. HP: 26/26 MP: 5/8
  1302 | D:2      | Noticed Robin
  1358 | D:2      | Learned a level 3 spell: Conjure Flame
  1556 | D:2      | Slain by a goblin

Skill      XL: |  1  2 |
---------------+-------+-----
Conjurations   | 1 |  1.6
Stealth        | 2 |  2.2
Dodging        | 2 |  2.0
Spellcasting   | 2 |  2.2
Fire Magic     | 3 |  3.0
Fighting       | |  0.5

Action                   || total
-------------------------++-------
Melee: Unarmed           ||    26
 Cast: Flame Tongue      ||    79
       Throw Flame       ||     3
  Use: Scroll            ||     1
  Eat: Chunk             ||    15
Armor: Robe              ||    13
Dodge: Dodged            ||    57
